 Dungeon Crawl Stone Soup version 0.17.0-28-g6e173f8 (webtiles) character file.

744 PossumBlood the Destroyer (level 7, 0/42 HPs)
             Began as an Octopode Wizard on Dec 3, 2015.
             Was an Initiate of Vehumet.
             Shot with an arrow by a centaur (8 damage)
             ... on level 5 of the Dungeon.
             The game lasted 00:25:30 (7145 turns).

PossumBlood the Destroyer (Octopode Wizard)         Turns: 7145, Time: 00:25:30

Health: 0/42       AC:  2    Str:  6    XL:     7   Next: 76%
Magic:  7/11       EV: 14    Int: 22    God:    Vehumet [......]
Gold:   301        SH:  0    Dex: 11    Spells: 2 memorised, 9 levels left

rFire  . . .     SeeInvis .     m - +2 whip (venom)
rCold  . . .     Clarity  +     (no shield)
rNeg   . . .     SustAt   .     a - +0 hat
rPois  .         Gourm    .     (no amulet)
rElec  .         Spirit   .     i - +2 ring of evasion
rCorr  .         Warding  .     (no ring)
rMut   .         Stasis   .     (no ring)
MR     .....                    (no ring)
Stlth  +++.......               (no ring)
                                (no ring)
                                (no ring)
                                (no ring)

@: not resistant to hostile enchantments, fairly stealthy
A: almost no armour, amphibious, 8 rings, constrict 8, rugged brown scales 1,
camouflage 1, clarity, screaming 1, gelatinous body 1
a: Renounce Religion


You were on level 5 of the Dungeon.
You worshipped Vehumet.
Vehumet was noncommittal.
You were not hungry.

You visited 2 branches of the dungeon, and saw 6 of its levels.

You collected 301 gold pieces.

Inventory:

Hand Weapons
 m - a +2 whip of venom (weapon)
 n - a cursed -3 dagger
Armour
 a - a +0 hat (worn)
 s - a +0 large shield
Jewellery
 h - an uncursed amulet of guardian spirit {unknown}
 i - a +2 ring of evasion (left tentacle)
Scrolls
 c - a scroll of enchant weapon
 e - 2 scrolls of immolation
 g - 6 scrolls of identify
 k - a scroll of remove curse
 q - a scroll of amnesia
 r - a scroll of fog
Potions
 d - 3 potions of curing
 j - 3 potions of lignification
 o - a potion of magic
 t - a potion of might {unknown}
Books
 b - a book of Minor Magic

   Spells                             Type                      Level
   a - Magic Dart                     Conjuration                  1
   b - Blink                          Translocation                2
   c - Call Imp                       Summoning                    2
   d - Repel Missiles                 Charms/Air                   2
   e - Slow                           Hexes                        2
   f - Conjure Flame                  Conjuration/Fire             3
   g - Mephitic Cloud                 Conjuration/Poison/Air       3
 p - a book of Dreams

   Spells                             Type                      Level
   a - Ensorcelled Hibernation        Hexes/Ice                    2
   b - Phase Shift                    Translocation                5
   c - Shadow Creatures               Summoning                    5
   d - Silence                        Hexes/Air                    5
   e - Darkness                       Hexes                        6
   f - Mass Confusion                 Hexes                        6
Comestibles
 f - 3 beef jerkies
 l - 2 bread rations


   Skills:
 - Level 2.0 Dodging
 - Level 2.6 Stealth
 - Level 3.0 Spellcasting
 + Level 8.4 Conjurations
   Level 1.0 Summonings
 - Level 1.0 Translocations


You had 9 spell levels left.
You knew the following spells:

 Your Spells              Type           Power        Failure   Level  Hunger
a - Magic Dart            Conj           ####         1%          1    None
b - Blink                 Tloc           N/A          14%         2    ##.....


Dungeon Overview and Level Annotations

Branches:
Dungeon (5/15)             Temple (1/1) D:5

Altars:
Ashenzari
Cheibriados
Dithmenos
Elyvilon
Fedhas
Gozag
Kikubaaqudgha
Makhleb
Nemelex Xobeh
Okawaru
Qazlal
Ru
Sif Muna
Trog
Vehumet
Xom
Yredelemnul
Zin
The Shining One


Innate Abilities, Weirdness & Mutations

You cannot wear most types of armour.
You are amphibious.
You can wear up to eight rings at the same time.
You can use your tentacles to constrict eight enemies at once.
Your skin changes colour to match your surroundings (Stealth).
Your rubbery body absorbs attacks (AC +1).
You are partially covered in rugged brown scales (AC +1, +3% HP).
You possess an exceptional clarity of mind.
You occasionally shout uncontrollably at your foes.


Message History

The centaur is lightly wounded.
The centaur shoots an arrow.
The arrow hits you!
Casting: Magic Dart
Confirm with . or Enter, or press ? or * to list all spells.
Aiming: Magic Dart
Press: ? - help, Shift-Dir - straight line, f/p - centaur
Aim: a centaur, wielding a shortbow (lightly wounded)
The magic dart hits the centaur.
The centaur is moderately wounded.
The centaur shoots an arrow.
The arrow hits you!
* * * LOW HITPOINT WARNING * * *
Casting: Magic Dart
Confirm with . or Enter, or press ? or * to list all spells.
Aiming: Magic Dart
Press: ? - help, Shift-Dir - straight line, f/p - centaur
Aim: a centaur, wielding a shortbow (moderately wounded)
The magic dart hits the centaur.
The centaur is moderately wounded.
The centaur shoots an arrow.
The arrow hits you!
You die...

..##.##.......#......##
.###.......[..###.....#
## #####......# ###..##
## ###...## #..# .####
##.## ##.## ....####
### ##.## .......######
#..#
............#####.##
..###...........@>#
..####......c....##
#..###...........#
#..##...........##
#..##...........#
#..##......<....#
#..###..........# #..#
##.........# #..#
##........#


You could see a centaur.

Vanquished Creatures
  A sky beast (D:4)
  A crimson imp (D:4)
  A giant frog skeleton (D:3)
  An orc priest (D:4)
  2 iguanas (D:5)
  Natasha (twice) (D:2 D:4)
  3 orc wizards
  6 worker ants
  14 adders
  4 gnolls (D:3)
  A shadow imp (D:5)
  An ooze (D:2)
  An adder skeleton (D:5)
  3 worms
  15 orcs
  3 ball pythons
  7 bats
  5 giant cockroaches
  6 hobgoblins (D:1)
  2 jackals (D:1)
  7 kobolds
  2 quokkas (D:4)
  A giant gecko zombie (D:5)
  A giant newt (D:3)
  6 goblins
  A quokka skeleton (D:4)
  6 rats
103 creatures vanquished.

Notes
Turn   | Place    | Note
--------------------------------------------------------------
     0 | D:1      | PossumBlood the Octopode Wizard began the quest for the Orb.
     0 | D:1      | Reached XP level 1. HP: 11/11 MP: 4/4
   419 | D:1      | Reached XP level 2. HP: 17/17 MP: 0/6
   926 | D:1      | Reached XP level 3. HP: 21/21 MP: 2/7
  1970 | D:2      | Reached XP level 4. HP: 27/27 MP: 2/8
  2040 | D:2      | Noticed Natasha
  2056 | D:2      | Killed Natasha
  2056 | D:2      | Reached skill level 4 in Conjurations
  2314 | D:2      | Learned a level 2 spell: Blink
  2620 | D:2      | Reached XP level 5. HP: 31/31 MP: 5/9
  2817 | D:3      | Found a shadowy altar of Dithmenos.
  2846 | D:3      | Reached skill level 5 in Conjurations
  3619 | D:3      | Reached XP level 6. HP: 25/36 MP: 0/10
  4035 | D:4      | Reached skill level 6 in Conjurations
  4129 | D:4      | Gained mutation: You occasionally shout uncontrollably at your foes. [potion of mutation]
  4129 | D:4      | Gained mutation: You possess an exceptional clarity of mind. [potion of mutation]
  4129 | D:4      | Gained mutation: You are partially covered in rugged brown scales (AC +1, +3% HP). [potion of mutation]
  4220 | D:4      | Found an iron altar of Okawaru.
  4975 | D:4      | Reached skill level 7 in Conjurations
  4975 | D:4      | Reached XP level 7. HP: 42/42 MP: 7/11
  5195 | D:4      | Noticed Natasha
  5197 | D:4      | Killed Natasha
  5792 | D:5      | Entered Level 5 of the Dungeon
  5860 | D:5      | Found a staircase to the Ecumenical Temple.
  5869 | Temple   | Entered the Ecumenical Temple
  5920 | Temple   | Became a worshipper of Vehumet
  5998 | D:5      | Found a glowing golden altar of the Shining One.
  6435 | D:5      | Reached skill level 8 in Conjurations
  7145 | D:5      | Shot with an arrow by a centaur

Action                   |  1- 3 |  4- 6 |  7- 9 || total
-------------------------+-------+-------+-------++-------
Melee: Unarmed           |     7 |       |       ||     7
       Whip              |       |    10 |     9 ||    19
 Cast: Magic Dart        |    76 |   134 |   114 ||   324
  Use: Scroll            |     4 |     6 |     1 ||    11
       Potion            |       |     8 |       ||     8
  Eat: Bread ration      |     1 |     1 |     1 ||     3
       Fruit             |       |     3 |       ||     3
       Pizza             |       |     1 |       ||     1
       Meat ration       |       |       |     1 ||     1
